 Dungeon Crawl Stone Soup version 0.30-a0-782-ge64f9170bb (console) character file.

Game seed: 16542868748300655462

497 utis the Stinger (level 7, -19/35 (39) HPs)
             Began as a Tengu Wanderer on Feb 25, 2023.
             Killed from afar by an acid dragon (32 damage)
             ... with a splash of acid
             ... on level 4 of the Dungeon.
             The game lasted 00:18:26 (5348 turns).

utis the Stinger (Tengu Wanderer)                   Turns: 5348, Time: 00:18:26

HP:   -19/35 (39)   AC:  7    Str: 14    XL:     7   Next: 15%
MP:   11/12         EV: 11    Int: 14    God:
Gold: 187           SH:  0    Dex: 12    Spells: 9/12 levels left

rFire   . . .      SeeInvis .    b - staff of poison {!a}
rCold   + . .      Faith    .    (no shield)
rNeg    . . .      Spirit   .    B - +0 scale mail
rPois   +          Reflect  .    (helmet restricted)
rElec   .          Harm     .    y - +0 cloak
rCorr   .          Rampage  .    (no gloves)
Will    .....                    (boots unavailable) Stlth
                                 g - amulet of regeneration {@e1}
HPRegen 1.05/turn                Z - ring of wizardry
MPRegen 0.13/turn                C - ring of protection from cold

@: flying quickly and evasively, heavily drained, quick
A: beak, talons 3, nimble flight
a: no special abilities


You were on level 4 of the Dungeon.
You visited 1 branch of the dungeon, and saw 5 of its levels.

You collected 187 gold pieces.

Inventory:

Hand Weapons
 a - a +2 mace of draining
 l - a +0 mace
 m - a +2 spear of flaming
 n - a +0 trident
 u - the +3 hand axe of the Globe {venom, Will++}
   (You found it on level 4 of the Dungeon)

   Will:      It greatly increases your willpower.
Armour
 f - a +0 ring mail
 y - a +0 cloak (worn)
 B - a +0 scale mail (worn)
Magical Staves
 b - a staff of poison (weapon) {!a}
 w - a staff of conjuration {!a@e1}
Jewellery
 g - an amulet of regeneration (around neck) {@e1}
 C - a ring of protection from cold (right hand)
 Z - a ring of wizardry (left hand)
Wands
 r - a wand of polymorph (9)
 A - a wand of flame (29)
Scrolls
 c - 2 scrolls of vulnerability
 i - a scroll of torment {unknown}
 p - a scroll of immolation {unknown}
 v - a scroll of teleportation {unknown}
 x - a scroll of noise {unknown}
 z - a scroll of identify {@r1}
 D - a scroll of enchant weapon {unknown}
Potions
 d - 2 potions of curing {unknown}
 e - a potion of heal wounds {unknown}
 h - a potion of invisibility {unknown}
 j - 2 potions of cancellation
 k - a potion of might {unknown}
 o - a potion of mutation {unknown}
 q - 3 potions of resistance
 s - a potion of magic {unknown}
 t - a potion of degeneration {unknown}


   Skills:
 * Level 1.7 Fighting
 - Level 2.1 Maces & Flails
 + Level 1.5 Armour
 + Level 0.9 Dodging
 - Level 3.0 Spellcasting
 + Level 3.7 Necromancy
 - Level 2.0 Transmutations
 - Level 4.0 Air Magic
 - Level 5.0 Poison Magic


You had 9 spell levels left.
You knew the following spells:

 Your Spells              Type           Power      Damage    Failure   Level
z - Sting                 Tmut/Pois      68%        1d6       9%          1
Y - Cigotuvi's Dreadful   Necr/Pois/Air  42%        N/A       10%         2

Your spell library contained the following spells:

 Spells                   Type           Power      Damage    Failure   Level
 Ignite Poison            Fire/Tmut/Pois 12%        N/A       38%         3
 Frozen Ramparts          Ice            4%         1d1       69%         3
 Inner Flame              Hex/Fire       2%         N/A       69%         3
 Ice Form                 Ice/Tmut       4%         N/A       91%         4
 Cause Fear               Hex            1%         N/A       97%         4
 Summon Ice Beast         Ice/Summ       2%         N/A       97%         4
 Discord                  Hex            1%         N/A       100%        8


Dungeon Overview and Level Annotations

Branches:
Dungeon (5/15)             Temple (0/1) D:5

Altars:
Fedhas
Okawaru
Qazlal


Innate Abilities, Weirdness & Mutations

You have a beak for a mouth.
You have claws for feet.
Your magical nature lets you fly swiftly and evasively.


Message History

You fly upwards.
There is a stone staircase leading down here.
Casting: Sting (safe; 9% risk of failure)
Confirm with . or Enter, or press ? or * to list all spells.
You feel a surge of power!
A part of your flesh rots into a cloud of miasma!
You feel drained. The steam dragon barely misses you.
The steam dragon claws you.
There is a stone staircase leading up here.
Aiming: Polymorph
Press: ? - help, Shift-Dir - straight line, f - steam dragon
Aim: a steam dragon (will become a swamp drake, a killer bee, or a wyvern, chance to affect: 49%)
The steam dragon resists with some effort.
The steam dragon breathes steam at you. The ball of steam hits you!
You're standing in a cloud of steam!
You are engulfed in a cloud of scalding steam.
Aiming: Polymorph
Press: ? - help, Shift-Dir - straight line, f/p - steam dragon
Aim: a steam dragon (catching its breath, will become a swamp drake, a killer bee, or a wyvern, chance to affect: 49%)
The steam dragon evaporates and reforms as a swamp drake!
You are engulfed in a cloud of scalding steam.
Press: ? - help, v - describe, . - travel
Here: a swamp drake The floor.
Unknown command.
Unknown command.
Unknown command.
Unknown command.
Unknown command.
Aiming: Polymorph
Press: ? - help, Shift-Dir - straight line, f/p - swamp drake
Aim: a swamp drake (will become a steam dragon, an acid dragon, or a killer bee, chance to affect: 49%)
The swamp drake evaporates and reforms as an acid dragon!
You are engulfed in a cloud of scalding steam.
* * * LOW HITPOINT WARNING * * *
The acid dragon spits acid at you. The splash of acid hits you!!
Ouch! That really hurt!
You die...

░░...░....░.░.░▒░.░.....░
░..........░...░...░...░.
░..........▒...░...▒░░░▒.
░░.........░...░...░...░.
░....░.....░.░▒░.░.....░
░░...░░░....▒░...░▒░...░▒
░....░░.....░.....░.░▒░.░
░.§..§.......░...░...░...
░..░§D..Q§...▒░░░▒...░...
░░>░░...§.§..░...░...░...
░░....░░░..░.....░.░▒░.░
░....░░░..▒░...░▒░...░▒
░░░.░░░...░.░▒░.░.....░
░......░...░...░...░.
░░...░░▒...░...▒░░░▒.
░....░░...░...░...░.
░░░....░.░▒░.░.....░


You could see an acid dragon (catching breath).

Vanquished Creatures
  An ogre (D:5)
  A necrophage (D:5)
  2 scorpions (D:5)
  2 hounds
  2 iguanas
  A gnoll (D:1)
  6 adders
  2 dart slugs
  5 orcs (D:3)
  5 endoplasms
  2 giant cockroaches
  2 hobgoblins
  4 jackals (D:1)
  3 quokkas
  7 ball pythons
  3 bats
  4 frilled lizards
  9 goblins
  5 kobolds
  4 rats
70 creatures vanquished.

Notes
Turn   | Place    | Note
-------+----------+-------------------------------------------
     0 | D:1      | utis the Tengu Wanderer began the quest for the Orb.
     0 | D:1      | utis set off with the following items: a +0 mace, a +0
                  | scale mail, a scroll of vulnerability; and the following
                  | spell memorised: Sting; and the following spells available
                  | to memorise: Cigotuvi's Dreadful Rot, Ignite Poison.
     0 | D:1      | Reached XP level 1. HP: 12/12 MP: 5/5
    84 | D:1      | You fall into a shaft and drop 1 floor!
   305 | D:1      | Reached XP level 2. HP: 16/16 MP: 7/7
   325 | D:1      | Reached skill level 1 in Transmutations
   596 | D:1      | Reached XP level 3. HP: 19/20 MP: 8/8
   633 | D:1      | Learned a level 2 spell: Cigotuvi's Dreadful Rot
  1096 | D:2      | Reached skill level 1 in Air Magic
  1379 | D:2      | Reached skill level 1 in Necromancy
  1379 | D:2      | Reached XP level 4. HP: 14/25 MP: 1/9
  3011 | D:3      | Reached skill level 4 in Poison Magic
  3169 | D:4      | Gained mutation: Your magical nature lets you fly swiftly
                  | and evasively. [Tengu growth]
  3169 | D:4      | Reached XP level 5. HP: 29/29 MP: 7/10
  3293 | D:4      | Identified the +3 hand axe of the Globe {venom, Will++}
  3666 | D:4      | Found an iron altar of Okawaru.
  3667 | D:4      | Found a blossoming altar of Fedhas.
  3817 | D:5      | Entered Level 5 of the Dungeon
  3883 | D:5      | Reached XP level 6. HP: 28/34 MP: 5/11
  4028 | D:5      | Found a faded altar of an unknown god.
  4062 | D:5      | Noticed a steam dragon
  4250 | D:5      | Reached skill level 5 in Poison Magic
  4412 | D:5      | Reached XP level 7. HP: 38/39 MP: 8/12
  4673 | D:5      | Found a staircase to the Ecumenical Temple.
  4808 | D:5      | Found a stormy altar of Qazlal.
  5018 | D:5      | Found a faded altar of an unknown god.
  5206 | D:5      | Found a staircase to the Ecumenical Temple.
  5347 | D:4      | a steam dragon changed into a swamp drake
  5348 | D:4      | Killed from afar by an acid dragon

Illustrated notes

Levels and vault maps discovered:
D:1:      mainiacjoe_arrival_reflecting_pool, layout_basic
D:2:      layout_loops_corners
D:3:      layout_basic
D:4:      nicolae_cairo_tiling, layout_cave_pools,
          gammafunk_temple_overflow_pools
D:5:      layout_cave_pools, nicolae_qazlal_eye_of_the_storm, temple_hall,
          serial_column_ruins, column_ruins_temple_hut,
          column_ruins_columns_plus, column_ruins_corridor_straight,
          column_ruins_grid_4, column_ruins_grid_1

Skill      XL: |  1  2  3  4  5  6 |
---------------+-------------------+-----
Transmutations | 1 2 |  2.0
Air Magic      | 1 2 3 4 |  4.0
Necromancy     | 1 2 3 |  3.7
Poison Magic   | 4 5 |  5.0
Fighting       | |  1.7
Maces & Flails | |  2.1
Armour         | |  1.5
Dodging        | |  0.9
Spellcasting   | |  3.0

Action                     |  1- 3 |  4- 6 |  7- 9 || total
---------------------------+-------+-------+-------++-------
  Melee: Mace              |    65 |    53 |     1 ||   119
         Peck              |     6 |     2 |       ||     8
         Kick              |     8 |    11 |     1 ||    20
         Punch             |       |     2 |       ||     2
   Cast: Sting             |    18 |    61 |     6 ||    85
         Cigotuvi's Dreadf |       |       |     1 ||     1
  Evoke: Wand              |       |       |     3 ||     3
    Use: Scroll            |       |     2 |       ||     2
 Armour: Scale mail        |    17 |    27 |     3 ||    47
         Ring mail         |    13 |       |       ||    13
  Dodge: Dodged            |    40 |    39 |     3 ||    82

Table legend: (Time is in decaauts)
 A = Elapsed time spent in this place.
 B = Non-inter-level travel time spent in this place.
 C = Inter-level travel time spent in this place.
 D = Time resting spent in this place.
 E = Time spent auto-exploring this place.
 F = Levels seen in this place.
 G = Mean time per level.
                   A        B        C        D        E       F      G
               +--------+--------+--------+--------+--------+-----+--------+
         Total |   5208 |   4888 |    320 |    681 |   3304 |   5 | 1041.6 |
       Dungeon |   5208 |   4888 |    320 |    681 |   3304 |   5 | 1041.6 |
               +--------+--------+--------+--------+--------+-----+--------+

Top non-repeatable levels by time:
     D:2: 1440 daAuts
     D:5: 1333 daAuts
     D:3: 947 daAuts
     D:1: 759 daAuts
     D:4: 727 daAuts
